[Event "*** Titled Tuesday Blitz"]
[Site "Chess.com"]
[Date "2018.11.06"]
[Round "7"]
[White "BilodeauA"]
[Black "MITerryble"]
[Result "1-0"]
[WhiteElo "2851"]
[BlackElo "2758"]
[TimeControl "180+2"]
[EndTime "14:31:09 PST"]
[Termination "BilodeauA won by checkmate"]

1. d4 Nf6 2. Nc3 e6 3. e4 d5 4. e5 Nfd7 5. f4 c5 6. Nf3 Nc6 7. Be3 Be7 8. Qd2 O-O 9. dxc5 Nxc5 10. O-O-O a6 11. Kb1 Qc7 12. Bd3 Nxd3 13. Qxd3 Rd8 14. h4 h6 15. Ng5 hxg5 16. hxg5 g6 17. Bb6 Qxb6 18. Qh3 Ba3 19. Qh8# 1-0

[Event "*** Titled Tuesday Blitz"]
[Site "Chess.com"]
[Date "2018.11.06"]
[Round "7"]
[White "BIG_Pirate"]
[Black "ahmadzada13"]
[Result "1-0"]
[WhiteElo "2410"]
[BlackElo "2607"]
[TimeControl "180+2"]
[EndTime "14:31:40 PST"]
[Termination "BIG_Pirate won by resignation"]

1. Nf3 Nf6 2. c4 g6 3. Nc3 Bg7 4.
g3 O-O 5. Bg2 c5 6. O-O Nc6 7.
d3 d5 8. cxd5 Nxd5 9. Nxd5 Qxd5 10. Be3 Qd6 11. Rc1 b6 12. d4 c4 13. Bf4 Qd7 14.
Ne5 Bxe5 15. dxe5 Qxd1 16. Rfxd1 Bb7 17. Rxc4 Na5 18. Rc7 Bxg2 19. Kxg2 Rac8 20. Rdd7 Rxc7 21. Rxc7 Re8 22. b4 1-0

[Event "*** Titled Tuesday Blitz"]
[Site "Chess.com"]
[Date "2018.11.06"]
[Round "7"]
[White "Atanejhad"]
[Black "Bad4life"]
[Result "1-0"]
[WhiteElo "2246"]
[BlackElo "2275"]
[TimeControl "180+2"]
[EndTime "14:32:15 PST"]
[Termination "Atanejhad won by resignation"]

1. d4 Nf6 2. c4 g6 3. Nf3 Bg7 4. Nc3 O-O 5. e4 d6 6. Be2 Nbd7 7. O-O e5 8. Be3 Ng4 9. Bg5 f6 10. Bh4 g5 11. Bg3 Nh6 12. d5 a5 13.
Nd2 Nc5 14. b3 f5 15. f3 f4 16. Bf2 Kh8 17. a3 Bf6 18. b4 axb4 19. axb4 Rxa1 20. Qxa1 Na6 21. b5 Nc5 22. Na4 Nxa4 23. Qxa4 g4 24. c5 Bh4 25. Bc4 Bxf2+ 26. Rxf2 dxc5 27. Nf1 b6 28. Ra2 gxf3 29. gxf3 Rg8+ 30. Rg2 Bh3 31. Rxg8+ Qxg8+ 32. Kf2 Qg2+ 33. Ke1 Qxf3 34. Qa8+ Ng8 35. d6 Qxe4+ 36. Qxe4 cxd6 37. Qa8 1-0

[Event "*** Titled Tuesday Blitz"]
[Site "Chess.com"]
[Date "2018.11.06"]
[Round "7"]
[White "mishanick"]
[Black "Msb2"]
[Result "1-0"]
[WhiteElo "2941"]
[BlackElo "2871"]
[TimeControl "180+2"]
[EndTime "14:33:00 PST"]
[Termination "mishanick won by resignation"]

1. d4 d5 2. c4 e6 3. Nf3 Nf6 4. Nc3 Bb4 5. Bg5 dxc4 6. e4 h6 7. Bxf6 Qxf6 8. Bxc4 c5 9. O-O O-O 10. e5 Qd8 11. Ne4 cxd4 12. Nxd4 Qc7 13. Nf6+ Kh8 14. Qc2 gxf6 15. Qc1 Qxe5 16. Qxh6+ Kg8 17. f4 Qxd4+ 18. Kh1 f5 19. Rf3 Qg7 20. Rg3 Qxg3 21. hxg3 Be7 22.
g4 fxg4 23. f5 Nc6 24. f6 Bxf6 25. Bd3 1-0

[Event "*** Titled Tuesday Blitz"]
[Site "Chess.com"]
[Date "2018.11.06"]
[Round "7"]
[White "mitrabhaa"]
[Black "lucasmito"]
[Result "0-1"]
[WhiteElo "2595"]
[BlackElo "2487"]
[TimeControl "180+2"]
[EndTime "14:33:13 PST"]
[Termination "lucasmito won by resignation"]

1. d4 Nf6 2. Nf3 g6 3. g3 Bg7 4. Bg2 O-O 5. O-O c6 6. Nbd2 d5 7. c4 Ne4 8. b3 c5 9. Bb2 Nxd2 10.
Qxd2 dxc4 11. bxc4 Qb6 12. Rab1 cxd4 13. Bxd4 Qc7 14.
Bxg7 Kxg7 15. Rfc1 Nc6 16. h4 h5 17. Rb5 Rd8 18.
Qb2+ f6 19. Ng5 Nd4 20. Bxb7 Rb8 21. Bxc8 Qxc8 22. Rxb8 Qxb8 23. Qxb8 Rxb8 24. Rd1 Nxe2+ 25. Kf1 Nc3 26. Rd3 Nxa2 27. Ne6+ Kf7 28. Nf4 Nb4 29. Rd7 Ra8 30. c5 a5 31. Rb7 Nc6 32. Ne2 a4 33. Nc3 a3 34. Na2 Ke6 35. Rb3 Kd5 36. Rc3 Kd4 37. Ke2 e5 38. Rc1 Rb8 39. Nc3 a2 40. Kf3 Rb3 0-1

[Event "*** Titled Tuesday Blitz"]
[Site "Chess.com"]
[Date "2018.11.06"]
[Round "7"]
[White "CarlssonLudvig"]
[Black "juniortay"]
[Result "1-0"]
[WhiteElo "2268"]
[BlackElo "2355"]
[TimeControl "180+2"]
[EndTime "14:33:26 PST"]
[Termination "CarlssonLudvig won by resignation"]

1. e4 e5 2. Nf3 Nf6 3. Nxe5 Nc6 4. Nxc6 dxc6 5. Nc3 Bc5 6. Be2 Qd4 7. O-O h5 8. d3 Ng4 9. Bxg4 hxg4 10. Be3 Qe5 11. g3 Qh5 12. h4 Be7 13. Kg2 g5 14. Rh1 gxh4 15. gxh4 Bxh4 16. Bd4 f6 17. Bxf6 Bxf6 18. Rxh5 Rxh5 19. Qd2 Bg5 20. Qe2 Be6 21. Rh1 Rxh1 22. Kxh1 Ke7 23. Kg2 Rh8 24. Nd1 Bf4 25. Ne3 Rh2+ 26.
Kg1 g3 27. Nf5+ Bxf5 28. exf5+ Kf8 29. Qe6 gxf2+ 30. Kf1 Bg3 31. Qf6+ Ke8 32. Qg6+ Ke7 33. Qxg3 1-0

[Event "*** Titled Tuesday Blitz"]
[Site "Chess.com"]
[Date "2018.11.06"]
[Round "7"]
[White "dretch"]
[Black "Bykov_Egor"]
[Result "1-0"]
[WhiteElo "2775"]
[BlackElo "2541"]
[TimeControl "180+2"]
[EndTime "14:33:39 PST"]
[Termination "dretch won by resignation"]

1. d4 Nf6 2. c4 e6 3. Nc3 Bb4 4. Qc2 O-O 5. e4 d5 6. e5 Ne4 7. Bd3 c5 8. Nf3 Nd7 9. O-O cxd4 10. Nxe4 dxe4 11. Bxe4 f5 12. exf6 Nxf6 13. Bg5 h6 14.
Bh4 Qd6 15. Bg3 Qb6 16. Bd3 Bd7 17. a3 Be7 18. Be5 Ng4 19. Bxd4 Qc7 20. h3 Rxf3 21. hxg4 Rf4 22. Be3 Rxg4 23. Be2 Rh4 24. g3 Rh3 25. Qg6 Bc6 26. Qxe6+ Kh8 27. Qxh3 1-0

[Event "*** Titled Tuesday Blitz"]
[Site "Chess.com"]
[Date "2018.11.06"]
[Round "7"]
[White "Jbd735"]
[Black "jacky72"]
[Result "0-1"]
[WhiteElo "2496"]
[BlackElo "2704"]
[TimeControl "180+2"]
[EndTime "14:33:39 PST"]
[Termination "jacky72 won on time"]

1. e4 e5 2. Nf3 Nc6 3. Bb5 a6 4. Ba4 d6 5. c3 Bd7 6. O-O g6 7. Bc2 Bg7 8. h3 Nf6 9. d4 O-O 10.
d5 Ne7 11. c4 h6 12. Nc3 Ne8 13. Rb1 f5 14. exf5 gxf5 15. Re1 Ng6 16. b4 Nf6 17. c5 Kh8 18. Nd2 Rg8 19. Nc4 Bf8 20. cxd6 cxd6 21.
Kh1 Rc8 22. Qe2 b5 23. Ne3 Rxc3 24. Nxf5 Qc8 25. Ne3 Nf4 26. Qf3 Rxg2 27. Rb2 Bxh3 28. Rg1 Ng4 0-1

[Event "*** Titled Tuesday Blitz"]
[Site "Chess.com"]
[Date "2018.11.06"]
[Round "7"]
[White "Andrew-FB00"]
[Black "Saitama_Hero"]
[Result "0-1"]
[WhiteElo "1779"]
[BlackElo "2346"]
[TimeControl "180+2"]
[EndTime "14:33:43 PST"]
[Termination "Saitama_Hero won by resignation"]

1. e4 d6 2. d4 g6 3. Nf3 Bg7 4. Nc3 Nf6 5. h3 O-O 6. Be2 c6 7. a4 Nbd7 8. O-O e5 9. dxe5 dxe5 10. Be3 Qe7 11. Bc4 Nc5 12. Bxc5 Qxc5 13. Qe2 Nh5 14. Bd3 Ng3 15. Qd2 Nxf1 16. Rxf1 h6 17. Ne2 Be6 18. b3 Rad8 19. Qc1 Qe7 20. Ng3 Bxb3 21. cxb3 Rxd3 22. Qc4 Rfd8 23. Re1 Rd1 24. Kf1 Rxe1+ 25. Kxe1 Qd7 26. Qc2 Bf8 27. Ke2 Qe6 28. Nf1 Bb4 29. Ne3 a5 30. Nc4 f6 31. Nb6 Kg7 32. Nc4 h5 33. Nh4 b5 34. Nb2 Rd2+ 0-1

[Event "*** Titled Tuesday Blitz"]
[Site "Chess.com"]
[Date "2018.11.06"]
[Round "7"]
[White "PrascaR"]
[Black "Pudor"]
[Result "1-0"]
[WhiteElo "2536"]
[BlackElo "2327"]
[TimeControl "180+2"]
[EndTime "14:34:00 PST"]
[Termination "PrascaR won by resignation"]

1. e4 c5 2. Nf3 Nc6 3. Nc3 e6 4. d4 cxd4 5. Nxd4 Qc7 6. g3 a6 7. Bg2 d6 8. O-O Bd7 9. Nb3 Be7 10. f4 Nf6 11. Be3 b5 12. a3 O-O 13. g4 Bc8 14. g5 Nd7 15. Rf3 Bb7 16. Rh3 g6 17. Qe1 Rfe8 18.
Qf2 b4 19. axb4 Nxb4 20. Rf1 d5 21. Qh4 Nf8 22. Bd4 Nxc2 23. Bf6 h5 24. Bf3 dxe4 25. Bxh5 Qb6+ 26. Kh1 Bxf6 27. gxf6 Qxb3 28. Bf3 1-0

[Event "*** Titled Tuesday Blitz"]
[Site "Chess.com"]
[Date "2018.11.06"]
[Round "7"]
[White "sere99"]
[Black "woodhy"]
[Result "0-1"]
[WhiteElo "2307"]
[BlackElo "2428"]
[TimeControl "180+2"]
[EndTime "14:34:16 PST"]
[Termination "woodhy won by resignation"]

1. d4 Nf6 2. c4 c5 3. d5 b5 4. cxb5 a6 5. e3 axb5 6. Bxb5 g6 7. Nc3 Bg7 8. e4 O-O 9. Nf3 d6 10. O-O Ba6 11. Qe2 Qb6 12. a4 Nbd7 13. Bd2 Rfb8 14. h3 Bxb5 15. axb5 Ne8 16. Qc4 Nc7 17. Rxa8 Rxa8 18.
b4 Bxc3 19. Bxc3 Qxb5 20. Qxb5 Nxb5 21. Bd2 c4 22. Rc1 Rc8 23. Bc3 Nb6 24. Nd2 Na4 25.
Nb1 Rb8 26. Be1 Rc8 27. Nc3 Naxc3 28. Bxc3 e6 29. dxe6 fxe6 30. Kf1 d5 31. exd5 exd5 32. Be1 d4 33. Ke2 Re8+ 34. Kd2 Nc3 0-1

[Event "*** Titled Tuesday Blitz"]
[Site "Chess.com"]
[Date "2018.11.06"]
[Round "7"]
[White "norwaytoadog"]
[Black "HanSchut"]
[Result "0-1"]
[WhiteElo "2148"]
[BlackElo "2302"]
[TimeControl "180+2"]
[EndTime "14:34:33 PST"]
[Termination "HanSchut won by resignation"]

1. e4 c5 2. Nf3 d6 3. Bb5+ Nd7 4. d4 cxd4 5. Qxd4 Nf6 6. c4 g6 7. Nc3 Bg7 8. O-O O-O 9. Bxd7 Bxd7 10. Bg5 Bc6 11.
Qd3 Qa5 12. Bd2 Qh5 13. Nd4 Ng4 14. h3 Ne5 15. Qc2 Nxc4 16. Nxc6 bxc6 17. Bc1 Rab8 18.
b3 Qe5 19. Na4 Qxa1 20. bxc4 Rb1 21. Kh2 Be5+ 22. f4 Bxf4+ 23. Bxf4 Rxf1 24. Nc3 Rxf4 0-1

[Event "*** Titled Tuesday Blitz"]
[Site "Chess.com"]
[Date "2018.11.06"]
[Round "7"]
[White "nubair1198"]
[Black "DanielNaroditsky"]
[Result "1-0"]
[WhiteElo "2589"]
[BlackElo "2952"]
[TimeControl "180+2"]
[EndTime "14:34:34 PST"]
[Termination "nubair1198 won by checkmate"]

1. d4 Nf6 2. c4 g6 3. Nc3 Bg7 4. e4 d6 5. Nf3 O-O 6. Be2 e5 7. O-O exd4 8. Nxd4 Re8 9. f3 c6 10.
Kh1 Nh5 11. g4 Nf6 12. Bf4 h5 13. Nf5 gxf5 14. gxf5 Kh7 15. Rg1 Rg8 16. Qe1 Nbd7 17. Qh4 Bh6 18. Rxg8 Qxg8 19. Bxh6 Kxh6 20. Rg1 Qf8 21. e5 Ng8 22. f4 Kh7 23. Qxh5+ Nh6 24. Ne4 dxe5 25. fxe5 Kh8 26. f6 Nxe5 27. Rg7 Qxg7 28.
fxg7+ Kxg7 29. Qxe5+ Kg8 30. Nf6+ Kf8 31. Nh7+ Kg8 32.
Nf6+ Kf8 33. Bd3 Be6 34. Qd6+ Kg7 35. Qe5 Kf8 36. Nh5 Ng8 37. Qg7+ Ke7 38. Qg5+ Kf8 39. Nf6 Nxf6 40. Qxf6 Re8 41. b3 Re7 42. Qh8# 1-0

[Event "*** Titled Tuesday Blitz"]
[Site "Chess.com"]
[Date "2018.11.06"]
[Round "7"]
[White "Quiet_Desperation"]
[Black "DiogenesSinopeus"]
[Result "1-0"]
[WhiteElo "2345"]
[BlackElo "2394"]
[TimeControl "180+2"]
[EndTime "14:34:42 PST"]
[Termination "Quiet_Desperation won on time"]

1. e4 e5 2. Nf3 Nc6 3. Bc4 Nf6 4. d4 exd4 5. e5 Ng4 6. Bf4 Qe7 7. O-O Qc5 8.
Bxf7+ Kxf7 9. Ng5+ Kg8 10. Qxg4 d6 11. e6 Ne5 12. Bxe5 Qxe5 13. f4 Qe3+ 14. Kh1 h6 15. Qf5 hxg5 16. Qf7+ Kh7 17. f5 Qe5 18. Nd2 Qf6 19.
Ne4 Qxf7 20. Nxg5+ Kh6 21. Nxf7+ Kh5 22. Nxh8 Be7 23.
Nf7 b5 24. Rad1 c5 25. Rd3 Bb7 26. Rf4 1-0

[Event "*** Titled Tuesday Blitz"]
[Site "Chess.com"]
[Date "2018.11.06"]
[Round "7"]
[White "FMJoseHerrera"]
[Black "Rashad_Zeynalli"]
[Result "1-0"]
[WhiteElo "2511"]
[BlackElo "2382"]
[TimeControl "180+2"]
[EndTime "14:34:45 PST"]
[Termination "FMJoseHerrera won by checkmate"]

1. Nf3 f5 2. d3 d6 3. Nc3 e5 4. e4 c5 5. Bg5 Be7 6. h4 Nc6 7. Nd5 Be6 8. Qd2 Bxd5 9. exd5 Nb4 10. Bxe7 Nxe7 11. c4 Qa5 12. Kd1 Qa4+ 13. b3 Qa3 14. Ng5 a5 15. Ne6 Kd7 16. f3 a4 17. bxa4 Rxa4 18.
Ke2 Nxa2 19. Kf2 Rha8 20. Be2 Rb4 21. Qg5 Rb2 22. Rhe1 Qxd3 23. Kf1 Qd2 24. Qxg7 Rg8 25. Qf7 Nc3 26. Nxc5+ dxc5 27. Qe6+ Kd8 28. Ra8+ Kc7 29. Qxe7+ Kb6 30. Qd6# 1-0

[Event "*** Titled Tuesday Blitz"]
[Site "Chess.com"]
[Date "2018.11.06"]
[Round "7"]
[White "DonPreuss"]
[Black "BillForster"]
[Result "1-0"]
[WhiteElo "2109"]
[BlackElo "1695"]
[TimeControl "180+2"]
[EndTime "14:34:51 PST"]
[Termination "DonPreuss won on time"]

1. d4 d5 2. e4 dxe4 3. Nc3 e5 4. Nxe4 Qxd4 5. Bd3 Be7 6. Nf3 Qd5 7. Qe2 Nc6 8.
O-O Nf6 9. Bg5 Bg4 10. Bxf6 Bxf3 11. Qxf3 Nd4 12. Qe3 gxf6 13. Ng3 O-O-O 14. Bf5+ Kb8 15. Rad1 Nxf5 16. Rxd5 Nxe3 17. Rxd8+ Rxd8 18. fxe3 Rd2 19. Rf2 Rd1+ 20. Nf1 Kc8 21. g3 Bc5 22. Kg2 Re1 23. Rxf6 Bxe3 24. Nxe3 Rxe3 25. Rxf7 Re2+ 26. Rf2 Re4 27.
Kf3 Rb4 28. b3 1-0

[Event "*** Titled Tuesday Blitz"]
[Site "Chess.com"]
[Date "2018.11.06"]
[Round "7"]
[White "mc4chess"]
[Black "GhostOfGreenval"]
[Result "1/2-1/2"]
[WhiteElo "2513"]
[BlackElo "2699"]
[TimeControl "180+2"]
[EndTime "14:34:56 PST"]
[Termination "Game drawn by repetition"]

1. Nf3 Nf6 2. c4 e6 3. Nc3 a6 4. e4 d5 5. e5 Ne4 6. cxd5 exd5 7. Nxe4 dxe4 8. Qa4+ Bd7 9. Qxe4 Bc6 10. Qf4 Bc5 11. Bc4 O-O 12. O-O Bd5 13. Be2 Nc6 14. d4 Bxf3 15.
Bxf3 Nxd4 16. Be3 Ne6 17. Qe4 c6 18. Rfd1 Qb6 19. Bxc5 Qxc5 20. Rac1 Qb6 21. b3 Rad8 22. h4 Rxd1+ 23. Rxd1 Rd8 24. g3 Rxd1+ 25. Bxd1 g6 26. Bg4 Qa5 27. Bxe6 fxe6 28. a4 Qc3 29. b4 Qa1+ 30.
Kg2 Qxa4 31. Qd4 Qb3 32. Qd8+ Kg7 33. Qe7+ Kg8 34. Qe8+ Kg7 35. Qe7+ Kg8 36. Qe8+ Kg7 37. Qe7+ 1/2-1/2

[Event "*** Titled Tuesday Blitz"]
[Site "Chess.com"]
[Date "2018.11.06"]
[Round "7"]
[White "ddtru"]
[Black "ViktorMatviishen"]
[Result "0-1"]
[WhiteElo "2307"]
[BlackElo "2478"]
[TimeControl "180+2"]
[EndTime "14:35:08 PST"]
[Termination "ViktorMatviishen won by resignation"]

1. d4 Nf6 2. Nf3 e6 3. g3 d5 4.
Bg2 Be7 5. O-O O-O 6. c4 c6 7. b3 a5 8. Bb2 Na6 9. Nc3 Rb8 10. Rc1 b5 11. Ne5 Qe8 12. c5 Bb7 13.
e4 b4 14. Na4 dxe4 15. g4 h6 16. Nb6 Nc7 17. a3 Ncd5 18. axb4 axb4 19. Nbc4 Nf4 20.
Qd2 Nxg2 21. Kxg2 Nd5 22. f3 Bg5 23. f4 Bxf4 24. Rxf4 e3 25. Nxe3 Nxf4+ 26. Kg3 Nd5 27. N3c4 Qe7 28. h4 f5 29. Nd6 f4+ 30. Kh3 f3 31. Rf1 Ba6 32. Rxf3 Rxf3+ 33. Nxf3 Rf8 34.
Kg3 Qf6 35. Ne5 Qf1 36. Ne4 Qg1+ 37. Qg2 Qe1+ 38. Nf2 Qe3+ 39. Nf3 Qf4+ 0-1

[Event "*** Titled Tuesday Blitz"]
[Site "Chess.com"]
[Date "2018.11.06"]
[Round "7"]
[White "vugarrasulov"]
[Black "Koksik_13"]
[Result "0-1"]
[WhiteElo "2780"]
[BlackElo "2729"]
[TimeControl "180+2"]
[EndTime "14:35:09 PST"]
[Termination "Koksik_13 won by checkmate"]

1. e4 e6 2. d4 d5 3. Nd2 Nf6 4. e5 Nfd7 5. Bd3 c5 6. c3 Nc6 7.
Ne2 cxd4 8. cxd4 f6 9. exf6 Qxf6 10. Nf3 h6 11. Qc2 Bd6 12. Bg6+ Ke7 13. O-O Rd8 14.
Bd2 Kf8 15. Bc3 Kg8 16. Ng3 Nf8 17. Bd3 Bd7 18. Rae1 Rac8 19. Qb1 Be8 20. Ne5 Nb4 21. f4 Nxd3 22. Qxd3 Ng6 23. f5 Nxe5 24. dxe5 Bc5+ 25.
Kh1 Qf7 26. f6 g5 27. Bd4 Bb5 28. Qxb5 Bxd4 29. Qe2 Rc6 30. Rd1 Bb6 31. Nh5 Rdc8 32. Ng7 Bc5 33. Qg4 Bf8 34. h3 Bxg7 35. fxg7 Qxg7 36.
Rf6 Rf8 37. Rdf1 Rxf6 38. Rxf6 Qc7 39. Qg3 Rc1+ 40. Kh2 Qc5 41. Qf3 Qg1+ 42. Kg3 Qe1+ 43. Kg4 Qh4# 0-1

[Event "*** Titled Tuesday Blitz"]
[Site "Chess.com"]
[Date "2018.11.06"]
[Round "7"]
[White "Slovak_fighter2000"]
[Black "2Tilted"]
[Result "1/2-1/2"]
[WhiteElo "2304"]
[BlackElo "2413"]
[TimeControl "180+2"]
[EndTime "14:35:11 PST"]
[Termination "Game drawn by agreement"]

1. d4 d5 2. c4 c6 3. Nf3 Nf6 4. Qc2 dxc4 5. Qxc4 Bg4 6. Nc3 e6 7. Bf4 Nbd7 8. e3 Nb6 9. Qb3 Bd6 10. Bxd6 Qxd6 11.
Be2 O-O 12. h3 Bh5 13. O-O Rfe8 14. Rfd1 Rad8 15. e4 Qb8 16. a4 Nbd7 17. e5 Nd5 18.
Nxd5 cxd5 19. Rac1 Rc8 20. Qe3 Rxc1 21. Rxc1 Rc8 22. Rc3 Rc6 23. Qc1 Qc7 24. Rxc6 Qxc6 25. Qxc6 bxc6 26. b4 Bxf3 27. Bxf3 Nb6 28. a5 Na8 29. Be2 Nc7 30. f4 a6 31. Kf2 Nb5 32. Ke3 Kf8 33. g4 Ke7 34. Bd3 g6 35. h4 h6 36. f5 gxf5 37. gxf5 Kf8 38. fxe6 fxe6 39.
Bg6 Ke7 40. Kd3 Kf8 41. Ke3 Ke7 42. Bd3 Kf7 43. Be2 Nc7 44. Kf4 Nb5 45. Ke3 Nc7 46. Bg4 Nb5 47. Bh5+ Kf8 48. Bg6 Nc7 49. Bd3 Nb5 50.
Bxb5 cxb5 51. Kf4 Kg7 52. Kg4 Kg6 53. h5+ Kg7 1/2-1/2

[Event "*** Titled Tuesday Blitz"]
[Site "Chess.com"]
[Date "2018.11.06"]
[Round "7"]
[White "nearestway"]
[Black "Fy_Rakotomaharo"]
[Result "1-0"]
[WhiteElo "2537"]
[BlackElo "2407"]
[TimeControl "180+2"]
[EndTime "14:35:12 PST"]
[Termination "nearestway won by resignation"]

1. Nf3 Nf6 2. c4 g6 3. Nc3 Bg7 4. e4 d6 5. d4 O-O 6. Be2 e5 7. d5 a5 8. Bg5 h6 9. Be3 Ng4 10. Bd2 f5 11. h3 Nf6 12. exf5 gxf5 13. Qc1 Kh7 14. g4 e4 15. Nd4 c5 16. Nxf5 Bxf5 17. gxf5 Nbd7 18. Rg1 Qe7 19. Be3 a4 20. a3 Qe5 21.
Rxg7+ Kxg7 22. Bxh6+ Kf7 23. Bxf8 Rxf8 24. Qe3 b5 25.
cxb5 Nb6 26. Qg3 Qxf5 27. Qxd6 Nbd7 28. b6 Qxh3 29. O-O-O e3 30. fxe3 Qxe3+ 31. Kb1 Rb8 32. Bh5+ Kg7 33. Nxa4 Qe4+ 34. Ka2 Qxa4 35. Rg1+ Kh8 36.
Qh2 Nh7 37. Bg6 Nf8 38. Bxh7 1-0

[Event "*** Titled Tuesday Blitz"]
[Site "Chess.com"]
[Date "2018.11.06"]
[Round "7"]
[White "TomsKantans"]
[Black "ChainsOfFantasia"]
[Result "1-0"]
[WhiteElo "2490"]
[BlackElo "2352"]
[TimeControl "180+2"]
[EndTime "14:35:14 PST"]
[Termination "TomsKantans won by resignation"]

1. e4 e6 2. c4 d5 3. cxd5 exd5 4. exd5 Nf6 5. Nc3 Nxd5 6. Nf3 Be7 7. d4 O-O 8. Bd3 Nxc3 9. bxc3 c5 10. O-O cxd4 11.
Nxd4 Bf6 12. Rb1 g6 13. Qf3 Nd7 14. Be4 Ne5 15. Qg3 Re8 16. Bxb7 Bh4 17. Qf4 Nd3 18.
Qf3 Ne5 19. Qd5 Rb8 20. Qxd8 Rxd8 21. Be4 Rxb1 22. Bxb1 Ba6 23. Re1 Nd3 24. Bxd3 Bxd3 25. Be3 Rc8 26. Rc1 Be7 27. f3 Ba3 28. Rd1 Rxc3 29.
Kf2 Bc4 30. Nc6 a6 31. Rd8+ Bf8 32. Bh6 1-0

[Event "*** Titled Tuesday Blitz"]
[Site "Chess.com"]
[Date "2018.11.06"]
[Round "7"]
[White "Gr3egor"]
[Black "gmjlh"]
[Result "1-0"]
[WhiteElo "2491"]
[BlackElo "2612"]
[TimeControl "180+2"]
[EndTime "14:35:20 PST"]
[Termination "Gr3egor won by resignation"]

1. d4 Nf6 2. c4 g6 3. Nc3 d5 4.
cxd5 Nxd5 5. e4 Nxc3 6. bxc3 Bg7 7. Nf3 c5 8. Rb1 O-O 9. Be2 b6 10. O-O Bb7 11. d5 Bxc3 12. Rb3 Bg7 13. h4 c4 14. Bxc4 Nd7 15. h5 Rc8 16. Be2 Nc5 17.
Re3 e6 18. hxg6 hxg6 19. Nd4 exd5 20. e5 Ne4 21. Bd3 Bxe5 22. Bb2 Bg7 23. Rh3 Qd7 24. Bb5 Qd6 25. Qg4 Qf6 26. Nc6 Bxc6 27. Bxf6 Nxf6 28.
Qa4 Bxb5 29. Qxb5 Rc7 30. f3 Rd8 31. Rd1 Bf8 32. Qb2 Kg7 33. g4 Bc5+ 34. Kg2 d4 35.
Qd2 Nd5 36. Qh6+ Kf6 37. Qh4+ Ke6 38. Qxd8 Ne3+ 39. Kh1 Nxd1 40. Qxc7 Nf2+ 41. Kg2 Nxh3 42. Kxh3 f5 43. Qg7 fxg4+ 44. Kxg4 Kd5 45. Qxg6 Kc4 46.
Qc2+ Kd5 47. f4 Bb4 48. Qb3+ 1-0

[Event "*** Titled Tuesday Blitz"]
[Site "Chess.com"]
[Date "2018.11.06"]
[Round "7"]
[White "ShadowJolteon"]
[Black "albi1999"]
[Result "1-0"]
[WhiteElo "2382"]
[BlackElo "2460"]
[TimeControl "180+2"]
[EndTime "14:35:21 PST"]
[Termination "ShadowJolteon won by resignation"]

1. d4 d5 2. c4 e6 3. Nf3 Nf6 4.
g3 Bb4+ 5. Bd2 Bd6 6. Bg2 c6 7. O-O Nbd7 8. Bg5 O-O 9. Nbd2 h6 10. Bxf6 Nxf6 11. Qc2 b6 12. e4 Be7 13. Rfd1 Bb7 14. Ne5 Rc8 15. Rac1 c5 16. exd5 exd5 17. Qa4 Qc7 18.
cxd5 Bxd5 19. Bxd5 Nxd5 20. Ne4 Rfd8 21. Nd3 c4 22. Ne5 Qb7 23. Rxc4 b5 24. Qb3 Rxc4 25.
Nxc4 Nf4 26. Qf3 Nd5 27. Ne5 Bf8 28. Rc1 f6 29. Nc6 Rc8 30. Nd6 Rxc6 31. Qxd5+ Kh8 1-0

[Event "*** Titled Tuesday Blitz"]
[Site "Chess.com"]
[Date "2018.11.06"]
[Round "7"]
[White "Muisback26"]
[Black "GianmarcoVaR"]
[Result "1-0"]
[WhiteElo "2804"]
[BlackElo "2546"]
[TimeControl "180+2"]
[EndTime "14:35:23 PST"]
[Termination "Muisback26 won by resignation"]

1. e4 g6 2. d4 Bg7 3. Nc3 d6 4. Be3 a6 5. Qd2 b5 6. O-O-O Bb7 7. f3 Nd7 8. h4 h6 9. Nh3 c5 10. Kb1 cxd4 11. Bxd4 Ngf6 12. g4 Ne5 13. g5 hxg5 14. Nxg5 Qc7 15. f4 Ned7 16. Bg2 e5 17. Be3 Ng4 18. f5 Nxe3 19. Qxe3 gxf5 20. Bh3 f4 21. Qg1 Bf6 22. Qg4 Nb6 23. Qf5 Ke7 24. Nxf7 Bc8 25. Qg6 Bxh3 26. Nxh8 Be6 27. Qh7+ Kd8 28. Qh6 Qe7 29.
Ng6 Qf7 30. Rxd6+ Kc7 31. Nxe5 Bxe5 32. Rxe6 Nd7 33. Nd5+ Kb7 34. Re7 Qf8 35. Qb6+ 1-0

[Event "*** Titled Tuesday Blitz"]
[Site "Chess.com"]
[Date "2018.11.06"]
[Round "7"]
[White "Ar4uha"]
[Black "Polish_fighter3000"]
[Result "0-1"]
[WhiteElo "2619"]
[BlackElo "2973"]
[TimeControl "180+2"]
[EndTime "14:35:25 PST"]
[Termination "Polish_fighter3000 won by resignation"]

1. e4 c5 2. Nf3 e6 3. c3 d5 4. exd5 Qxd5 5. d4 Nf6 6. Na3 Nc6 7. Nb5 Qd7 8. dxc5 Bxc5 9. Qxd7+ Kxd7 10. Bf4 Ne4 11.
Rd1+ Ke7 12. Be3 Bxe3 13. fxe3 b6 14. Bd3 Nc5 15. Bc2 Bb7 16. Nd6 Ba6 17. b4 Nb7 18. Nxb7 Bxb7 19. Ng5 Ne5 20. Be4 Rhb8 21. Ke2 a5 22. b5 h6 23. Bxb7 Rxb7 24. Nf3 Nxf3 25. gxf3 Rc8 26. Rd3 Rc4 27. f4 g5 28. Kf3 Rbc7 29. Rc1 gxf4 30. exf4 R7c5 31. Rcd1 Rxb5 32. Rd7+ Kf6 33. Rb7 Rxc3+ 34. Kg4 Kg6 35. Rd8 h5+ 36. Kh4 Rf5 37. Rd4 b5 38. Rb8 Rc4 0-1

[Event "*** Titled Tuesday Blitz"]
[Site "Chess.com"]
[Date "2018.11.06"]
[Round "7"]
[White "xpto15"]
[Black "sandager"]
[Result "1-0"]
[WhiteElo "1404"]
[BlackElo "2125"]
[TimeControl "180+2"]
[EndTime "14:35:26 PST"]
[Termination "xpto15 won by checkmate"]

1. e4 e5 2. f4 exf4 3. Nf3 d6 4. d4 g5 5. h4 g4 6. Ng1 Bh6 7.
Nc3 Nc6 8. Nd5 Nf6 9. Nxf4 Nxe4 10. Nge2 O-O 11. g3 Re8 12. Qd3 Bf5 13. Bg2 d5 14. O-O Ne7 15. Nxd5 Qxd5 16. Bxh6 Nc6 17. c4 Qd7 18.
Qe3 Bg6 19. d5 Nf6 20. Qc3 Ne5 21. Nf4 Nf3+ 22. Bxf3 gxf3 23. Qxf6 Qf5 24. Qg7# 1-0

[Event "*** Titled Tuesday Blitz"]
[Site "Chess.com"]
[Date "2018.11.06"]
[Round "7"]
[White "wonderfultime"]
[Black "AsaHoffmann"]
[Result "1-0"]
[WhiteElo "2790"]
[BlackElo "2060"]
[TimeControl "180+2"]
[EndTime "14:35:32 PST"]
[Termination "wonderfultime won by checkmate"]

1. Nf3 d6 2. c4 e5 3. Nc3 Nf6 4.
g3 c6 5. Bg2 Be7 6. O-O Be6 7. b3 h6 8. Bb2 Qd7 9. d4 e4 10. d5 cxd5 11. cxd5 Bh3 12. Nd4 Bxg2 13. Kxg2 Na6 14. Qd2 O-O 15. Qe3 Rfe8 16. a3 Nc5 17. b4 Na4 18. Nxa4 Qxa4 19. Rad1 Qd7 20. Qf4 Nxd5 21. Qxe4 Nb6 22. Nf5 Bf6 23. Qg4 Bxb2 24.
Rxd6 Qb5 25. e4 Qe5 26. Re1 Kf8 27. f4 Qc3 28. Re2 Nc4 29. e5 g6 30. Rxg6 fxg6 31. Qxg6 Re7 32. Qf6+ Ke8 33. Qxe7# 1-0

[Event "*** Titled Tuesday Blitz"]
[Site "Chess.com"]
[Date "2018.11.06"]
[Round "7"]
[White "Bauxi435"]
[Black "Alex_Banzea"]
[Result "1-0"]
[WhiteElo "2442"]
[BlackElo "2314"]
[TimeControl "180+2"]
[EndTime "14:35:32 PST"]
[Termination "Bauxi435 won on time"]

1. d4 Nf6 2. c4 e6 3. Nc3 Bb4 4. f3 c5 5. d5 d6 6. e4 b5 7.
Bd3 O-O 8. Ne2 a6 9. O-O exd5 10. cxd5 Nbd7 11. Kh1 Ne5 12. Bc2 Re8 13. Ng3 c4 14. a4 Rb8 15. axb5 axb5 16. Be3 Nfd7 17. f4 Ng6 18. e5 dxe5 19. f5 Nf4 20. Nce4 Nf6 21. Nxf6+ Qxf6 22. Ne4 Qd8 23. Qg4 h5 24. Qg3 Bxf5 25. Bxf4 exf4 26. Qxf4 Bg6 27. Rad1 Qe7 28.
d6 Qe5 29. d7 Bxe4 30. Qxf7+ Kh7 31. Bxe4+ Qxe4 32. Qxh5+ Kg8 33. dxe8=Q+ Rxe8 34. Qxb5 1-0